Cogmind - Beta 13 @@@ ROGUE MODE // 2024.06.09 @ 21:58:56 Player: PLAYERNAME Result: Destroyed by L-31 Rogue with Katana Performance ------------- Evolutions (1) 500 Regions Visited (3) 600 Robots Destroyed (34) 170 Value Destroyed (613) 613 Prototype IDs (0) 0 Alien Tech Used (0) 0 Bonus (0) 0 TOTAL SCORE: 1883 Bonus ------- None Cogmind --------- Core Integrity 0/400 Matter 234/300 Energy 8/100 System Corruption 0% Temperature Cool (0) Movement Rolling (135) Ox3 Location -9/Mines Parts ------- > --- POWER (1) -------- (None) > --- PROPULSION (2) --- Wheel Compact Wheel > --- UTILITY (4) ------ Huge Storage Unit Structural Scanner > --- WEAPON (2) ------- Mining Laser > --- INVENTORY (25) --- Ion Engine Light Ion Engine Light Treads Cooling System Cooling System Huge Storage Unit Huge Storage Unit Structural Scanner Signal Interpreter Terrain Scanner Terrain Scanner Terrain Scan Processor ECM Suite Datajack Peak State ------------ > --- POWER ------------ Improved Ion Engine > --- PROPULSION ------- Light Treads Wheel > --- UTILITY ---------- Huge Storage Unit Structural Scanner Light Armor Plating > --- WEAPON ----------- Heavy EM Pulse Gun Autogun > --- INVENTORY -------- Ion Engine Light Ion Engine Light Treads Cooling System Cooling System Huge Storage Unit Huge Storage Unit Terrain Scanner ECM Suite Light Assault Rifle Datajack [Rating: 12] Favorites ----------- Power Improved Ion Engine Engine Improved Ion Engine Propulsion Wheel Treads Light Treads Wheel Wheel Utility Huge Storage Unit Device Seismic Detector Storage Huge Storage Unit Protection Light Armor Plating Weapon Autogun Energy Gun Heavy EM Pulse Gun Ballistic Gun Autogun Special Weapon Mining Laser Build | -11 -10 -9 -9 ------- Run | Yrd Mat Mat Min Slots Evolved 2 | . . 2 . Power . | . . . . Propulsion . | . . . . Utility 2 | . . 2 . Weapon . | . . . . Parts Attached 29 | 7 8 7 7 Power 2 | 1 . 1 . Engine 2 | 1 . 1 . Core . | . . . . Reactor . | . . . . Propulsion 11 | 2 3 2 4 Treads 3 | 1 1 1 . Leg . | . . . . Wheel 8 | 1 2 1 4 Hover . | . . . . Flight . | . . . . Utility 5 | 2 1 2 . Device 2 | 1 . 1 . Storage 2 | 1 1 . . Processor . | . . . . Hackware . | . . . . Protection 1 | . . 1 . Artifact . | . . . . Weapon 11 | 2 4 2 3 Energy Gun 5 | 2 2 1 . Energy Cannon . | . . . . Ballistic Gun 2 | . . 1 1 Ballistic Cannon . | . . . . Launcher . | . . . . Special Weapon 4 | . 2 . 2 Impact Weapon . | . . . . Slashing Weapon . | . . . . Piercing Weapon . | . . . . Special Melee Weapon . | . . . . Unidentified Prototypes . | . . . . Parts Lost 17 | . 7 5 5 Power 2 | . 1 . 1 Propulsion 7 | . 2 2 3 Utility 2 | . 1 1 . Weapon 6 | . 3 2 1 Highest Loss Streak 5 | . 5 2 3 To Critical Strikes . | . . . . Average Slot Usage (%) 70 | . 94 66 46 Engine 8 | . 13 7 4 Treads 8 | . 13 8 . Wheel 10 | . 13 9 15 Device 4 | . 13 1 11 Storage 11 | . 14 11 11 Protection 7 | . . 9 . Energy Gun 10 | . 19 9 . Ballistic Gun 8 | . . 10 3 Special Weapon 1 | . 5 . . Naked Turns . | . . . . Heaviest Build 97 | 12 87 97 88 Greatest Support 26 | 10 10 20 26 Greatest Overweight (x) 9 | 1 8 9 8 Average Overweight (x) 5 | . 2 7 3 Largest Inventory Capacity 25 | 8 25 25 25 Average Capacity 22 | 7 14 25 25 Most Carried 21 | 7 10 21 20 Average Carried 9 | 4 8 8 17 Final Capacity 25 | 8 25 25 25 Final Carried 21 | 7 8 21 14 Class Distribution -------------------- 100% | Mutant Dominant Class ---------------- Mutant | -10/Materials Mutant | -9/Materials Mutant | -9/Mines Resources | -11 -10 -9 -9 ----------- Run | Yrd Mat Mat Min Matter Collected 537 | 266 63 208 . Remotely . | . . . . Salvage Created 973 | 73 177 640 83 Parts 77 | 7 6 61 3 Haulers Intercepted 1 | . . 1 . Recyclers Shooed 1 | . . 1 . Parts Field Recycled . | . . . . Retrieved Matter . | . . . . Parts Self-Destructed . | . . . . Prevented . | . . . . Kills | -11 -10 -9 -9 ------- Run | Yrd Mat Mat Min Combat Hostiles Destroyed 21 | . 4 15 2 Guns 17 | . 4 11 2 AOE 4 | . . 4 . Classes Destroyed 9 | 1 1 7 . Builder 5 | . . 5 . Tunneler 3 | 3 . . . Hauler 1 | . . 1 . Recycler 1 | . . 1 . Operator 1 | . . 1 . Watcher 2 | . . 2 . Swarmer 11 | . . 11 . Grunt 8 | . 4 2 2 Sentry 2 | . . 2 . Best Kill Streak 11 | 3 2 11 2 Combat Bots Only 8 | . 2 8 2 Max Kills in Single Turn 3 | 1 1 3 1 Gunslinging . | . . . . Exploded 3 | . . 3 . Melee . | . . . . Uniques/NPCs Destroyed . | . . . . Combat | -11 -10 -9 -9 -------- Run | Yrd Mat Mat Min Hostile Shots Fired 191 | . 74 60 57 Missed 51 | . 19 16 16 Damage Taken 1877 | . 692 541 644 Core 560 | . 141 93 326 Absorbed by Shields . | . . . . Core Remaining (%) 71 | 100 43 . . Volleys Fired 102 | 9 32 38 23 Largest 2 | 2 2 2 1 Hottest 100 | 90 100 68 100 Shots Fired 158 | 18 41 76 23 Gun 148 | 18 33 76 21 Cannon . | . . . . Launcher . | . . . . Special 10 | . 8 . 2 Kinetic 59 | . . 38 21 Thermal 61 | 18 41 . 2 Explosive . | . . . . Electromagnetic 38 | . . 38 . Robot Hit Streak 13 | 3 13 13 6 Robot Miss Streak 3 | 3 3 3 3 Penetration Max . | . . . . Secondary Targets . | . . . . Shots Hit Robots 92 | 10 23 42 17 Core Hits 50 | 3 11 27 9 Critical Kills . | . . . . Critical Parts Destroyed . | . . . . Critical Strikes 1 | . 1 . . Burn 1 | . 1 . . Melee Attacks . | . . . . Impact . | . . . . Slashing . | . . . . Piercing . | . . . . Sneak Attacks . | . . . . Combat Hostiles . | . . . . Follow-up Attacks . | . . . . Damage Inflicted 1514 | 115 282 946 171 Guns 1191 | 115 282 671 123 Cannons . | . . . . Explosions 275 | . . 275 . Melee . | . . . . Ramming . | . . . . Kinetic 424 | . . 301 123 Thermal 720 | 115 282 275 48 Explosive . | . . . . Electromagnetic 370 | . . 370 . Impact . | . . . . Slashing . | . . . . Piercing . | . . . . Highest Corruption 2 | . 2 . . Average Corruption 2 | . 2 . . Corruption Purged . | . . . . Corruption Blocked . | . . . . Effects 6 | . 6 . . Message Errors 1 | . 1 . . Matter Fused 2 | . 2 . . Data Loss (major) 1 | . 1 . . Weapon Failures 2 | . 2 . . Overload Shots . | . . . . Overflow Damage . | . . . . Projectiles . | . . . . Explosions . | . . . . Melee . | . . . . Knockbacks . | . . . . Impact . | . . . . Kinetic . | . . . . Secondary . | . . . . Self-Inflicted Damage 75 | . . 75 . Shots 2 | . . 2 . Rammed . | . . . . Targets Rammed . | . . . . Kicked . | . . . . Crushed . | . . . . Highest Temperature 297 | 90 297 220 7 Average Temperature 89 | 34 145 45 6 Received Heat Transfer 756 | . 417 111 228 Siege Activations . | . . . . Robots Corrupted 1 | . . 1 . Combat Hostiles . | . . . . Parts Fried . | . . . . Impact Corruptions . | . . . . Robots Melted . | . . . . Combat Hostiles . | . . . . Parts Melted 2 | 1 1 . . Heat Transferred 1551 | 310 841 300 100 Parts Sabotaged . | . . . . Parts Stolen . | . . . . Parts Stripped . | . . . . Power Chain Reactions 4 | . . 4 . Alert | -11 -10 -9 -9 ------- Run | Yrd Mat Mat Min Peak Influence 372 | 15 127 372 71 Initial 32 | . 9 32 31 Average 115 | 4 55 143 47 Maximum Alert Level 1 | . . 1 . Low Security (%) 79 | 100 100 71 100 Level 1 20 | . . 28 . Level 2 . | . . . . Level 3 . | . . . . Level 4 . | . . . . Level 5 . | . . . . High Security . | . . . . Max Security . | . . . . Squads Dispatched 2 | . . 2 . Investigation . | . . . . Extermination . | . . . . Reinforcement 2 | . . 2 . Assault . | . . . . Garrison . | . . . . Intercept . | . . . . Searches Triggered . | . . . . Construction Impeded . | . . . . Haulers Reinforced . | . . . . Active Scanning Responses . | . . . . Cargo Convoy Interrupts . | . . . . Stealth | -11 -10 -9 -9 --------- Run | Yrd Mat Mat Min Distress Signals 6 | . 2 4 . Communications Jammed . | . . . . Distress Signals . | . . . . Times Spotted 39 | . 8 26 5 Peak Tracking Total 8 | . 6 8 4 Tactical Retreats 3 | . . 2 1 Traps | -11 -10 -9 -9 ------- Run | Yrd Mat Mat Min Traps Triggered 1 | . 1 . . Indirectly . | . . . . Trap Hack Attempts . | . . . . Triggered . | . . . . Disarmed . | . . . . Reprogrammed . | . . . . Reused . | . . . . Traps Extracted . | . . . . Installed . | . . . . Triggered . | . . . . Machines | -11 -10 -9 -9 ---------- Run | Yrd Mat Mat Min Machines Disabled . | . . . . Max in Single Turn . | . . . . Machines Repaired . | . . . . Machines Dismantled . | . . . . Machines Sabotaged . | . . . . Overloaded Fab Kills . | . . . . Hacking | -11 -10 -9 -9 --------- Run | Yrd Mat Mat Min Machines Accessed 2 | . . 2 . Terminals 1 | . . 1 . Fabricators . | . . . . Repair Stations . | . . . . Recycling Units 1 | . . 1 . Scanalyzers . | . . . . Garrison Access . | . . . . Total Hacks 3 | . . 3 . Successful 3 | . . 3 . Failed . | . . . . Catastrophic . | . . . . Database Lockouts . | . . . . Manual 1 | . . 1 . Terminals 2 | . . 2 . Fabricators . | . . . . Repair Stations . | . . . . Recycling Units 1 | . . 1 . Scanalyzers . | . . . . Garrison Access . | . . . . Terminal Hacks 2 | . . 2 . Record 1 | . . 1 . Hauler Manifests 1 | . . 1 . Fabricator Hacks . | . . . . Repair Station Hacks . | . . . . Recycling Unit Hacks 1 | . . 1 . Retrieve Components 1 | . . 1 . Scanalyzer . | . . . . Garrison Access Hacks . | . . . . Unauthorized Hacks . | . . . . Terminals . | . . . . Fabricators . | . . . . Repair Stations . | . . . . Recycling Units . | . . . . Scanalyzers . | . . . . Garrison Access . | . . . . Data Cores Recovered . | . . . . Used . | . . . . Hacking Detections 1 | . . 1 . Full Trace Events . | . . . . Feedback Events . | . . . . Feedback Blocked . | . . . . Robot Schematics Acquired . | . . . . Robots Built . | . . . . Authchips . | . . . . Time . | . . . . Total Robot Build Rating . | . . . . Part Schematics Acquired . | . . . . Parts Built . | . . . . Authchips . | . . . . Time . | . . . . Total Part Build Rating . | . . . . Parts Repaired . | . . . . Time . | . . . . Parts Recycled . | . . . . Recycled Matter . | . . . . Retrieved Matter . | . . . . Retrieved Components 5 | . . 5 . Parts Scanalyzed . | . . . . Part Schematics Acquired . | . . . . Parts Damaged . | . . . . Bothacking | -11 -10 -9 -9 ------------ Run | Yrd Mat Mat Min Used RIF Installer . | . . . . Robots Hacked . | . . . . Non-combat . | . . . . Combat . | . . . . Robot Hacks Applied . | . . . . Relay Couplers Released . | . . . . Fabnet Peak Effective % . | . . . . Robots Rewired . | . . . . Allies Hacked . | . . . . Hacks Repelled . | . . . . Allies | -11 -10 -9 -9 -------- Run | Yrd Mat Mat Min Total Allies . | . . . . Largest Group . | . . . . Highest-Rated Group . | . . . . Highest-Rated Ally . | . . . . Total Orders . | . . . . Ally Attacks . | . . . . Total Damage . | . . . . Kills . | . . . . Allies Corrupted . | . . . . Allies Melted . | . . . . Intel | -11 -10 -9 -9 ------- Run | Yrd Mat Mat Min Robot Analysis Total . | . . . . Derelict Logs Recovered . | . . . . Drone Launches . | . . . . Drone Recoveries . | . . . . Exploration | -11 -10 -9 -9 ------------- Run | Yrd Mat Mat Min Turns Passed 1980 | 98 344 1426 112 Spaces Moved 631 | 66 192 328 45 Core 21 | 21 . . . Treads 37 | . . 37 . Legs . | . . . . Wheels 573 | 45 192 291 45 Hover . | . . . . Flight . | . . . . Fastest Speed 50 | 50 95 185 135 Average Speed 176 | 78 116 236 137 Slowest Speed 480 | 95 200 480 200 Overloaded Moves . | . . . . Propulsion Burnouts . | . . . . Robots Hopped . | . . . . Cave-ins Triggered . | . . . . Exploration Rate (%) 19 | 3 29 29 16 Regions Visited 3 Branch Regions 1 Pre-discovered Areas . | . . . . Known Exits Taken . | . . . . Unknown Exits Taken 3 | 1 1 1 . Scrap Searched . | . . . . Spaces Dug 8 | . 8 . . Terrain Destroyed 19 | . 8 11 . Melee . | . . . . Projectile 8 | . 8 . . AOE 11 | . . 11 . Terrain Rammed . | . . . . Walls Destroyed . | . . . . Machines Disabled . | . . . . Actions | -11 -10 -9 -9 --------- Run | Yrd Mat Mat Min Total 1330 | 93 253 909 75 Wait 529 | . 10 519 . Move 628 | 65 191 327 45 Hop . | . . . . Pick Up 37 | 12 7 18 . Fast Attach 4 | 2 . 2 . Attach 19 | 5 2 5 7 Detach . | . . . . Swap 6 | . 6 . . Drop 5 | . 5 . . Fire 102 | 9 32 38 23 Melee . | . . . . Ram . | . . . . Kick . | . . . . Crush . | . . . . Escape Stasis . | . . . . Rewire . | . . . . Trap . | . . . . Miscellaneous . | . . . . Route ------- -11/Scrapyard -10/Materials -9/Materials -9/Mines History --------- Turn | Location | Event 6 | -11/Scrapyard | Discovered new exit (range 15) 99 | -11/Scrapyard | Entered Materials 246 | -10/Materials | Discovered new exit (range 4) 302 | -10/Materials | Build established: Mutant 439 | -10/Materials | Core integrity fell below 50% 443 | -10/Materials | Entered another Materials area 443 | -9/Materials | Evolved 2 slots: Utility x2 459 | -9/Materials | Lost 5 parts (1p1n1u2w) 721 | -9/Materials | Destroyed 8 combat bots 1824 | -9/Materials | Discovered new exit (range 5) 1869 | -9/Materials | Entered Mines 1910 | -9/Mines | Lost 3 parts (1n2w) 1912 | -9/Mines | Core integrity fell below 50% 1928 | -9/Mines | Core integrity fell below 20% 1954 | -9/Mines | Lost 3 parts (1p2n) 1974 | -9/Mines | Excavation squad dispatched 1974 | -9/Mines | A large section of the Mines collapsed 1981 | -9/Mines | Destroyed by L-31 Rogue with Katana Last Messages --------------- 01863_ K-01 Serf cleans the Nuclear Reactor. 01864_ Hvy. EM Pulse Gun destroyed. 01867_ Autogun destroyed. 01868_ K-01 Serf cleans the Nuclear Reactor. 01869_ ALERT: Hostiles spotted, dispatching reinforcements to Terminal M001. LOCATION=UNKNOWN GOAL=ESCAPE Something is scanning the area. 01876_ G-34 Mercenary destroyed. 01879_ Wheel destroyed. 01894_ G-47 Trooper destroyed. 01908_ Lgt. Assault Rifle severed. 01914_ Imp. Ion Engine destroyed. 01920_ Wheel destroyed. 01974_ G-34 Mercenary crushed by falling debris. 01974_ ALERT: Suspicious cave-in, suspected derelict activity in mines. Dispatching escorted excavation squad. 01976_ Mining Laser destroyed. 01978_ T-07 Excavator is excavating. Map ----- +----------------------------------------------------+ | ???????????????#### ###########?????????? | | ???????????????### ####????????? | | ???????????????## [ %[ ###????????? | | ???????????????## =% ##### ###???????? | | ???????????????## ! ##### ####??????? | | ???????????????### ##### ####?????? | | ???????????????### ####### #######?? | | ????????????????### ##?##### #######? | | ????????????????###### ###???#### ###? | | ?????????????????###### ####????#### ##? | | ????????????????????########??????#### ##? | | ?????????????????????######???????#### ##? | | ?????????????????????????????????#### ###? | | ????????????????????????????????#### ####? | | ????????????????????????????????### ####?? | | ????????????????????????????????## ###??? | | ????????????????????????????????## ##???? | | ?????????????????????????????###### ##???? | | ????????????????????????????######## ###???? | | ????????????????????????????### ##### ###???? | | ????????????????????????????## #### ##????? | | ????????????????????????????## ##????? | | ????????????????????????????### ##????? | | ?????????????????????########## ##### ##????? | | ?????????????????????########## ##### ##????? | | ?????????????????????###;@l;## ##?## ##????? | | ?????????????????????######t### ##?## ????? | | ?????????????????????########## ###?# ?????? | | ?????????????????????????## #######?? ????? | | ?????????????????????????## ######??? ????? | | ?????????????????????????## ##??????? ##??? | | ?????????????????????????## ##??????? ##??? | | ?????????????????????????## ##??????? ##??? | | ?????????????????????????## ??????? ##??? | | ?????????????????????????#####??????? ###??? | | ??????????????????????????####??????? ####??? | | ??????????????????????????????????????###????? | | ?????????????????????????????????????????????? | | ?????????????????????????????????????????????? | | ?????????????????????????????????????????????? | | ?????????????????????????????????????????????? | | ?????????????????????????????????????????????? | | ?????????????????????????????????????????????? | | ?????????????????????????????????????????????? | | ?????????????????????????????????????????????? | | ?????????????????????????????????????????????? | | ?????????????????????????????????????????????? | | ?????????????????????????????????????????????? | | ?????????????????????????????????????????????? | | ?????????????????????????????????????????????? | +----------------------------------------------------+ Best States ------------- Heat Dissipation 28 Energy Generation 12 Energy Capacity 265 Matter Stores 300 Matter Capacity 300 Sight Range 16 Terrain Scan Density 10 Armor Coverage 150 Evasion (%) 50 Recoil Reduction 2 Item Schematics ----------------- None Robot Schematics ------------------ None Fabricated ------------ Nothing Alien Tech Used ----------------- None Achievements -------------- None Challenges ------------ None Game ------ Seed FireMachineGuard Manual? 0 Play Time 00:22:10 Cumulative 9.9 hours Start 2024.06.09 @ 18:17:04 End 2024.06.09 @ 21:58:56 Sessions 3 Manual Loads 0 Difficulty Rogue Special Mode None Game No. 10 Rogue 10 Adventurer 0 Explorer 0 Win Type - Total 0 Types 0/0/0/0/0/0/0/0/0 Lore% 16 Gallery% 16 Achievement% 18 Wizard Run 0 Options --------- Layout 0 ASCII 0 Keyboard 0 Movement Mouse Keybinds 0 Fullscreen 2 Font 24/Smallcaps Map View 76x50 Zoom Use 0% Tactical HUD 1 Map Filters NONE Filters NONE Steam 1 RUN: e06e2255-7df4-46e8-8d9b-de06f5a22e8f